 Dungeon Crawl Stone Soup version 0.29-a0-925-g0a7a3d12f8 (webtiles) character file.

Game seed: 7718149165082392101

74 Alarak the Digger (level 4, -1/23 (24) HPs)
             Began as a Deep Elf Earth Elementalist on July 29, 2022.
             Slain by an orc
             ... wielding a +0 trident
              (2 damage)
             ... on level 4 of the Dungeon.
             The game lasted 00:07:28 (3630 turns).

Alarak the Digger (Deep Elf Earth Elementalist)     Turns: 3630, Time: 00:07:31

HP:   -1/23 (24)    AC:  3    Str:  5    XL:     4   Next: 9%
MP:   2/10          EV: 12    Int: 22    God:
Gold: 128           SH:  0    Dex: 15    Spells: 7/9 levels left

rFire   . . .      SeeInvis .   g - +1 whip (elec)
rCold   . . .      Faith    .   (no shield)
rNeg    . . .      Spirit   .   a - +1 robe
rPois   .          Reflect  .   (no helmet)
rElec   .          Harm     .   (no cloak)
rCorr   .          Rampage  .   (no gloves)
Will    .....                   (no boots)
Stlth   ++........              (no amulet)
HPRegen 0.07/turn               (no ring)
MPRegen 0.12/turn               (no ring)

@: very slightly contaminated, lightly drained
A: no striking features
a: no special abilities


You were on level 4 of the Dungeon.
You visited 1 branch of the dungeon, and saw 4 of its levels.

You collected 128 gold pieces.

Inventory:

Hand Weapons
 g - a +1 whip of electrocution (weapon)
Missiles
 k - 34 stones
Armour
 a - a +1 robe (worn)
Scrolls
 l - a scroll of teleportation
Potions
 b - a potion of magic
 c - a potion of might
 d - a potion of flight {unknown}
 e - a potion of invisibility {unknown}
 f - a potion of cancellation {unknown}
 h - a potion of brilliance


   Skills:
 - Level 2.4 Dodging
 - Level 2.4 Stealth
 - Level 3.0 Spellcasting
 - Level 1.1 Transmutations
 - Level 5.1 Earth Magic
 + Level 1.6 Poison Magic


You had 7 spell levels left.
You knew the following spells:

 Your Spells              Type           Power      Damage    Failure   Level
a - Sandblast             Erth           50%        2d12      1%          1
b - Sting                 Tmut/Pois      36%        1d4       7%          1

Your spell library contained the following spells:

 Spells                   Type           Power      Damage    Failure   Level
 Passwall                 Tmut/Erth      14%        N/A       5%          2
 Stone Arrow              Conj/Erth      28%        3d8       13%         3
 Poisonous Vapours        Pois/Air       12%        N/A       14%         2
 Ignite Poison            Fire/Tmut/Pois 7%         N/A       26%         3
 Petrify                  Tmut/Erth      17%        N/A       34%         4
 Conjure Flame            Conj/Fire      3%         6-21      36%         3
 Olgreb's Toxic Radiance  Pois           10%        N/A       54%         4
 Sticky Flame             Conj/Fire      3%         2d3       77%         4


Dungeon Overview and Level Annotations

Branches:
Dungeon (4/15)
 Temple: D:4-7

Altars:


Message History

The necrophage is lightly damaged.
You kill the orc!
The necrophage hits you.
You feel drained.
Casting: Sting (safe; 7% risk of failure)
Confirm with . or Enter, or press ? or * to list all spells.
Okay, then.
Unknown command.
The blast of sand hits the necrophage but does no damage.
The necrophage is lightly damaged.
The orc closely misses you. The necrophage closely misses you.
The orc barely misses you.
The necrophage hits you but does no damage.
The blast of sand hits the necrophage!!
The necrophage is almost destroyed.
The orc hits you but does no damage. The necrophage hits you.
The orc barely misses you. The necrophage hits you.
You are too injured to fight recklessly!
Casting: Sandblast (safe; 1% risk of failure)
Confirm with . or Enter, or press ? or * to list all spells.
You don't know that spell.
Casting: Sandblast (safe; 1% risk of failure)
Confirm with . or Enter, or press ? or * to list all spells.
Aiming: Sting (safe; 7% risk of failure)
Press: ? - help, Shift-Dir - straight line, f/p - necrophage
Aim: a necrophage (severely damaged, 68% to hit)
The sting hits the necrophage.
The necrophage partially resists.
The necrophage is almost destroyed.
The orc hits you from afar with a +0 trident.
* * * LOW HITPOINT WARNING * * *
The necrophage hits you.
* * * LOW HITPOINT WARNING * * *
Casting: Sting (safe; 7% risk of failure)
Confirm with . or Enter, or press ? or * to list all spells.
Aiming: Sting (safe; 7% risk of failure)
Press: ? - help, Shift-Dir - straight line, f/p - necrophage
Aim: a necrophage (almost destroyed, 68% to hit)
The sting hits the necrophage.
The necrophage partially resists.
The necrophage is almost destroyed.
The orc hits you from afar with a +0 trident.
You die...

################
.....on@.......#
.##..o########.#########
..... ###.#.....†.. ..##
#.....####### . #.....#
# #.....# # #.....# #
........ # #######.## #


You could see a necrophage and 2 orcs.

Vanquished Creatures
  2 adders
  A dart slug (D:3)
  2 orcs (D:4)
  7 ball pythons
  3 endoplasms
  3 giant cockroaches
  2 goblins
  5 hobgoblins
  2 quokkas
  3 bats
  2 frilled lizards (D:3)
  8 kobolds
  10 rats
50 creatures vanquished.

Notes
Turn   | Place    | Note
-------+----------+-------------------------------------------
     0 | D:1      | Alarak the Deep Elf Earth Elementalist began the quest for
                  | the Orb.
     0 | D:1      | Reached XP level 1. HP: 10/10 MP: 6/6
   233 | D:1      | Reached XP level 2. HP: 15/15 MP: 6/8
   280 | D:1      | Reached skill level 4 in Earth Magic
  1425 | D:2      | Reached XP level 3. HP: 19/19 MP: 7/9
  2203 | D:3      | Reached skill level 5 in Earth Magic
  2478 | D:3      | Found a faded altar of an unknown god.
  2500 | D:3      | Learned a level 1 spell: Sting
  3500 | D:4      | Reached skill level 1 in Poison Magic
  3500 | D:4      | Reached XP level 4. HP: 16/24 MP: 6/10
  3624 | D:4      | Noticed a necrophage
  3629 | D:4      | HP: 1/23 [necrophage (3)]
  3630 | D:4      | Slain by an orc

Illustrated notes

Levels and vault maps discovered:
D:1:      saegor_arrival_simple_c, layout_basic
D:2:      layout_basic
D:3:      layout_basic, hellmonk_ecumenical_altar_lost_god, lemuel_flame_loot_1
D:4:      layout_loops_ring, gammafunk_temple_overflow_statue, minmay_distorted,
          uniq_sigmund

Skill      XL: |  1  2  3 |
---------------+----------+-----
Earth Magic    | 4 5 |  5.1
Poison Magic   | 1 |  1.6
Dodging        | |  2.4
Stealth        | |  2.4
Spellcasting   | |  3.0
Transmutations | |  1.1

Action                   |  1- 3 |  4- 6 || total
-------------------------+-------+-------++-------
Melee: Whip              |     1 |       ||     1
 Cast: Sandblast         |    48 |     2 ||    50
       Sting             |    19 |     8 ||    27
  Use: Scroll            |     6 |       ||     6
       Potion            |     3 |       ||     3
Armor: Robe              |     6 |     3 ||     9
Dodge: Dodged            |    13 |     4 ||    17

Table legend: (Time is in decaauts)
 A = Elapsed time spent in this place.
 B = Non-inter-level travel time spent in this place.
 C = Inter-level travel time spent in this place.
 D = Time resting spent in this place.
 E = Time spent auto-exploring this place.
 F = Levels seen in this place.
 G = Mean time per level.
                   A        B        C        D        E       F      G
               +--------+--------+--------+--------+--------+-----+--------+
         Total |   3680 |   3391 |    289 |    261 |   2768 |   4 |  920.0 |
       Dungeon |   3680 |   3391 |    289 |    261 |   2768 |   4 |  920.0 |
               +--------+--------+--------+--------+--------+-----+--------+

Top non-repeatable levels by time:
     D:3: 1320 daAuts
     D:2: 1155 daAuts
     D:1: 1005 daAuts
     D:4: 200 daAuts
